 Dungeon Crawl Stone Soup version 0.26-a0-1033-gd598b01645 (webtiles) character file.

Game seed: 4093171744835953756

60 PentaManta the Shield-Bearer (level 3, -2/36 HPs)
             Began as a Troll Fighter on Dec 10, 2020.
             Killed by nerve-wracking pain
             ... invoked by Grinder
              (10 damage)
             ... on level 3 of the Dungeon.
             The game lasted 00:03:19 (1077 turns).

PentaManta the Shield-Bearer (Troll Fighter)        Turns: 1077, Time: 00:03:20

Health: -2/36      AC:  6    Str: 24    XL:     3   Next: 82%
Magic:  2/2        EV:  8    Int:  5    God:
Gold:   37         SH:  9    Dex:  9    Spells: 2/2 levels left

rFire    . . .     SeeInvis .     - Unarmed
rCold    . . .     Faith    .   b - +0 kite shield
rNeg     . . .     Spirit   .   a - +0 robe
rPois    .         Reflect  .   (helmet restricted)
rElec    .         Harm     .   (no cloak)
rCorr    .         Rampage  .   (gloves unavailable)
Will     .....                  (boots unavailable)
Stlth    +.........             g - amulet of regeneration
HPRegen  0.92/turn              (no ring)
MPRegen  0.08/turn              (no ring)

@: no status effects
A: large, unfitting armour, claws 3, regeneration 1, shaggy fur 1, tough skin 3
a: no special abilities


You were on level 3 of the Dungeon.
You visited 1 branch of the dungeon, and saw 3 of its levels.

You collected 37 gold pieces.

Inventory:

Armour
 a - a +0 robe (worn)
 b - a +0 kite shield (worn)
Jewellery
 f - an uncursed ring of ice
 g - an amulet of regeneration (around neck)
 h - an uncursed amulet of faith
Scrolls
 e - a scroll of magic mapping {unknown}
 j - a scroll of blinking {unknown}
 k - a scroll of remove curse {unknown}
 l - a scroll of enchant weapon {unknown}
 m - a scroll of enchant armour {unknown}
Potions
 c - a potion of might
 d - 2 potions of curing
 i - a potion of resistance {unknown}


   Skills:
 - Level 2.4 Fighting
 - Level 2.4 Dodging
 + Level 3.3 Shields
 + Level 3.2 Unarmed Combat


You had 2 spell levels left.
You didn't know any spells.
Your spell library was empty.

Dungeon Overview and Level Annotations

Branches:
Dungeon (3/15)

Altars:
Dithmenos
Nemelex Xobeh
Qazlal
Vehumet
Wu Jian

Annotations:
D:3 Grinder


Innate Abilities, Weirdness & Mutations

You are too large for most types of armour.
You have claws for hands.
Your natural rate of healing is unusually fast.
You are covered in fur. (AC +1)
You have extremely tough skin. (AC +3)


Message History

Something tries to affect you, but you resist.
You closely miss something. You claw something! Something hits you.
You writhe in agony.
You barely miss something. Something hits you.
You writhe in agony.
You miss something. Something hits you but does no damage.
You miss something. Something hits you.
You writhe in agony.
You miss something.
Something tries to affect you, but you resist.
You closely miss something. Something hits you.
You writhe in agony.
You scratch something. You block something's attack.
You miss something. Something hits you!
* * * LOW HITPOINT WARNING * * *
You writhe in agony.
* * * LOW HITPOINT WARNING * * *
You miss something.
You suddenly lose the ability to move!
Something hits you but does no damage.
You shrug off the repeated paralysis!
You can move again.
You completely miss something. Pain shoots through your body!
You die...

#.. ### # # #. # #.#
# #.###### ##.## #
#......#####[..##
#####@..#.......#
##.{....##...#
#.......###..#######
#.........#..........
#.............#######
#.........##..#
##............#
##...$.####.##
##...## #.#


There were no monsters in sight!

Vanquished Creatures
  An adder (D:2)
  A worm (D:2)
  A dart slug (D:1)
  3 leopard geckos (D:1)
  5 bats
  3 giant cockroaches
  5 goblins
  6 hobgoblins
  6 kobolds
  A quokka (D:2)
  2 ball pythons (D:2)
  3 frilled lizards
  2 rats (D:1)
39 creatures vanquished.

Notes
Turn   | Place    | Note
-------+----------+-------------------------------------------
     0 | D:1      | PentaManta the Troll Fighter began the quest for the Orb.
     0 | D:1      | Reached XP level 1. HP: 22/22 MP: 0/0
   104 | D:1      | Reached XP level 2. HP: 25/29 MP: 1/1
   501 | D:2      | Reached XP level 3. HP: 36/36 MP: 2/2
   928 | D:2      | Found a stormy altar of Qazlal.
   930 | D:2      | Found a radiant altar of Vehumet.
   931 | D:2      | Found an ornate altar of the Wu Jian Council.
   932 | D:2      | Found a sparkling altar of Nemelex Xobeh.
   935 | D:2      | Found a shadowy altar of Dithmenos.
  1052 | D:3      | Noticed Grinder
  1074 | D:3      | Paralysed by something for 3 turns
  1077 | D:3      | Killed from afar by Grinder

Illustrated notes

Levels and vault maps discovered:
D:1:      scummos_arrival_forest, layout_rooms
D:2:      layout_loops_ring, minitemple
D:3:      layout_loops_corners, grunt_temple_overflow_gold_and_silver,
          kennysheep_generic_room_12, uniq_grinder

Skill      XL: |  1  2  3 |
---------------+----------+-----
Shields        | 3 |  3.3
Unarmed Combat | 3 |  3.2
Fighting       | |  2.4
Dodging        | |  2.4

Action                   || total
-------------------------++-------
Melee: Unarmed           ||   126
  Use: Scroll            ||     1
Armor: Robe              ||    48
Dodge: Dodged            ||    39
Block: Kite shield       ||    64

Table legend: (Time is in decaauts)
 A = Elapsed time spent in this place.
 B = Non-inter-level travel time spent in this place.
 C = Inter-level travel time spent in this place.
 D = Time resting spent in this place.
 E = Time spent auto-exploring this place.
 F = Levels seen in this place.
 G = Mean time per level.
                   A        B        C        D        E       F      G
               +--------+--------+--------+--------+--------+-----+--------+
         Total |   1077 |   1046 |     31 |      0 |    748 |   3 |  359.0 |
       Dungeon |   1077 |   1046 |     31 |      0 |    748 |   3 |  359.0 |
               +--------+--------+--------+--------+--------+-----+--------+

Top non-repeatable levels by time:
     D:2: 597 daAuts
     D:1: 419 daAuts
     D:3: 60 daAuts
